 Dungeon Crawl Stone Soup version 0.29.1-12-g30fa7ad0bf (webtiles) character file.

Game seed: 5159521373599984513

543 stebl the Slasher (level 7, -2/55 HPs)
             Began as a Demonspawn Gladiator on Dec 24, 2022.
             Was an Initiate of Hepliaklqana.
             Slain by a troll (8 damage)
             ... on level 4 of the Dungeon on Dec 25, 2022.
             The game lasted 00:31:32 (6582 turns).

stebl the Slasher (Demonspawn Gladiator)            Turns: 6582, Time: 00:31:32

Health: -2/55      AC:  8    Str: 17    XL:     7   Next: 6%
Magic:  7/7        EV: 11    Int:  9    God:    Hepliaklqana [......]
Gold:   41         SH:  0    Dex: 14    Spells: 6/6 levels left

rFire   . . .      SeeInvis .   a - +0 long sword
rCold   . . .      Faith    .   (no shield)
rNeg    . . .      Spirit   .   v - +0 ring mail
rPois   .          Reflect  .   c - +0 helmet
rElec   .          Harm     .   (no cloak)
rCorr   .          Rampage  .   (no gloves)
Will    .....                   (no boots)
Stlth   +.........              (no amulet)
HPRegen 0.18/turn               L - ring of flight
MPRegen 0.10/turn               (no ring)

@: flying
A: thin metallic scales 1, demonic guardian 1, demonic touch 1
a: Renounce Religion


You were on level 4 of the Dungeon.
You worshipped Hepliaklqana.
Hepliaklqana was noncommittal.
You visited 2 branches of the dungeon, and saw 6 of its levels.

You collected 167 gold pieces.
You spent 126 gold pieces at shops.


Innate Abilities, Weirdness & Mutations

You are partially covered in thin metallic scales. (AC +2)
A weak demonic guardian rushes to your aid.
Your touch may inflict minor irresistible damage on your foes.


   Skills:
 + Level 4.8 Fighting
 + Level 6.1 Long Blades
 - Level 1.7 Throwing
 - Level 2.6 Dodging


You had 6 spell levels left.
You didn't know any spells.
Your spell library contained the following spells:

 Spells                   Type           Power      Damage    Failure   Level
 Necrotise                Necr           0%         1d4       58%         1
 Vampiric Draining        Necr           0%         2d6       92%         3
 Agony                    Necr           0%         N/A       100%        5

Inventory:

Hand Weapons
 a - a +0 long sword (weapon)
 b - a +0 sling
 k - a +0 rapier of protection
Missiles
 d - a throwing net {=f}
 e - 3 curare-tipped darts {=f}
 f - 4 poisoned darts
 u - 6 silver boomerangs (quivered)
Armour
 c - a +0 helmet (worn)
 s - a +0 leather armour
 v - a +0 ring mail (worn)
Jewellery
 C - a ring of ice
 L - a ring of flight (left hand)
 T - an amulet of faith {!P}
Scrolls
 g - a scroll of enchant weapon {unknown}
 i - 5 scrolls of teleportation {@r4}
 j - a scroll of poison {unknown}
 n - a scroll of enchant armour {unknown}
Potions
 h - 2 potions of heal wounds {@q2}
 l - 2 potions of curing {@q1}
 m - 2 potions of flight
 o - 2 potions of mutation {unknown}
 p - a potion of ambrosia {unknown}
 q - a potion of lignification {unknown}
 r - a potion of brilliance

Dungeon Overview and Level Annotations

Branches:
Dungeon (5/15)             Temple (1/1) D:4

Altars:
Ashenzari
Cheibriados
Fedhas
Gozag
Hepliaklqana
Kikubaaqudgha
Makhleb
Nemelex Xobeh
Okawaru
Qazlal
Ru
Trog
Uskayaw
Wu Jian
Yredelemnul

Shops:
D:3 ?   D:4 :

Annotations:
D:4 Pikel

####.##.▒.▒.▒▒.▒.▒.▒.##.#
#.##
####.#..▒.▒....▒.▒.▒.##.#
#..#
........▒.▒▒▒▒▒▒.▒.▒.##.#
##.#
####.##)▒........▒.▒.##.#
#.#
#.##.▒▒▒▒▒▒▒▒▒▒.▒.##.#
#.#
#.##.................#
#.#
#.........#.....#.####
#.# #####.#......T..#.###
##.## #........@..#...#
##...##
###....#..r####.###.....#
#.........### #.#.......#
#...........# #.#.#.....#
#.........#.###.#.##....#
####
##.....#..........###.#.#
...#
#.#...#..#.###.#####.#.#
##.#
#.#...#..#..[........#.#
#.#
#.#####..###.#########.#


You could see a troll and a quokka.


Message History

You closely miss the phantom.
The phantom is moderately damaged.
Your surroundings suddenly seem different.
An orc warrior comes into view. It is wielding a +0 halberd.
Found a chain mail, a scroll labelled XEMAESTRAFYGG and 4 gold pieces.
Found a stone staircase leading down.
The orc warrior shouts!
Something hits you!
* * * LOW HITPOINT WARNING * * *
A demonic guardian appears!
Deactivating autopickup; reactivate with Ctrl-A.
The orc warrior unwields a +0 halberd.
The orc warrior wields a +0 arbalest.
The orc warrior shoots a bolt.
The bolt hits you!
* * * LOW HITPOINT WARNING * * *
Blink to where?
Press: ? - help, Dir - move target An ogre, an ufetubus and a quokka come into view.
As you read the scroll of blinking, it crumbles to dust.
The ogre shouts!
The ufetubus shouts!
Blink to where?
Press: ? - help, Dir - move target
As you read the scroll of blinking, it crumbles to dust.
There is a stone staircase leading up, spattered with blood here.
The quokka closely misses you.
You fly upwards.
Level annotation: Pikel The troll shouts!
Reactivating autopickup.
The troll bites you!
You die...

Skill      XL: |  1  2  3  4  5  6 |
---------------+-------------------+-----
Long Blades    | 3 4 5 6 |  6.1
Fighting       | 4 |  4.8
Throwing       | |  1.7
Dodging        | |  2.6

Action                   |  1- 3 |  4- 6 |  7- 9 || total
-------------------------+-------+-------+-------++-------
Melee: Long sword        |    68 |   128 |     8 ||   204
       Punch             |     1 |     2 |       ||     3
       Touch             |       |       |     1 ||     1
Throw: Dart              |     4 |     4 |       ||     8
       Stone             |     8 |    10 |       ||    18
       Throwing net      |     1 |     1 |       ||     2
       Javelin           |       |     3 |       ||     3
       Boomerang         |       |     8 |       ||     8
  Use: Potion            |       |     1 |       ||     1
       Scroll            |       |     8 |     3 ||    11
 Stab: Sleeping          |       |     1 |       ||     1
       Held in net/web   |       |     1 |       ||     1
Armor: Leather armour    |    10 |     9 |       ||    19
       Ring mail         |       |    20 |     7 ||    27
Dodge: Dodged            |    41 |    70 |     9 ||   120

Levels and vault maps discovered:
D:1:      dpeg_arrival_oval, layout_basic
D:2:      minmay_wonky_spiral, layout_loops_cross, uniq_sigmund, uniq_jessica
D:3:      layout_basic, serial_shops, nicolae_square_shop,
          shapermc_ecumenical_altar_mp_ritualfount
D:4:      layout_loops_ring, minmay_temple_entry_statues_fountains,
          serial_shops, nicolae_inconvenience_store, uniq_pikel
D:5:      cheibrodos_fzero, layout_basic, minitemple, okawaru_metal_pillars_3
Temple:   nicolae_temple_superstar

Notes
Turn   | Place    | Note
-------+----------+-------------------------------------------
     0 | D:1      | stebl the Demonspawn Gladiator began the quest for the Orb.
     0 | D:1      | Reached XP level 1. HP: 16/16 MP: 1/1
   218 | D:1      | Reached skill level 3 in Long Blades
   222 | D:1      | Gained mutation: A weak demonic guardian rushes to your
                  | aid. [demonic ancestry]
   222 | D:1      | Reached XP level 2. HP: 22/22 MP: 2/2
  1643 | D:2      | Noticed Sigmund
  1787 | D:2      | Reached XP level 3. HP: 27/28 MP: 3/3
  1950 | D:2      | Reached skill level 4 in Long Blades
  1950 | D:2      | Reached XP level 4. HP: 26/34 MP: 4/4
  2013 | D:2      | Reached skill level 3 in Fighting
  2105 | D:3      | Found Jatisk's Magic Scroll Shoppe.
  2112 | D:3      | Bought a scroll of teleportation for 36 gold pieces
  2379 | D:3      | Found a faded altar of an unknown god.
  2502 | D:2      | Noticed Jessica
  2527 | D:2      | Killed Jessica
  3160 | D:2      | Killed Sigmund
  3161 | D:2      | Reached skill level 4 in Fighting
  3161 | D:2      | Reached skill level 5 in Long Blades
  3161 | D:2      | Reached XP level 5. HP: 35/42 MP: 5/5
  3161 | D:2      | Gained mutation: You are partially covered in thin metallic
                  | scales. (AC +2) [demonic ancestry]
  3161 | D:2      | Reached XP level 6. HP: 41/48 MP: 6/6
  3868 | D:3      | Bought a scroll of blinking for 90 gold pieces
  4153 | D:4      | Found Jubraricki's Book Emporium.
  4186 | D:4      | Found a staircase to the Ecumenical Temple.
  4194 | D:4      | HP: 4/48 [ogre/+0 giant club (30)]
  4493 | Temple   | Entered the Ecumenical Temple
  4610 | Temple   | Became a worshipper of Hepliaklqana the Forgotten
  5005 | D:4      | Noticed Pikel
  5614 | D:5      | Entered Level 5 of the Dungeon
  5691 | D:5      | Reached skill level 6 in Long Blades
  5737 | D:5      | Noticed a troll
  6457 | D:5      | Found an iron altar of Okawaru.
  6477 | D:5      | Gained mutation: Your touch may inflict minor irresistible
                  | damage on your foes. [demonic ancestry]
  6477 | D:5      | Reached XP level 7. HP: 52/55 MP: 7/7
  6576 | D:5      | HP: 5/55 [orc warrior/bolt (9)]
  6582 | D:4      | Slain by a troll

Vanquished Creatures
  Sigmund (D:2)
  An ogre (D:4)
  A phantom (D:5)
  2 lemures (D:4)
  2 hounds
  Jessica (D:2)
  2 iguanas
  2 adders
  A worm (D:2)
  5 ball pythons
  7 endoplasms
  3 giant cockroaches
  7 goblins
  6 hobgoblins
  3 jackals (D:1)
  3 quokkas
  2 bats
  2 frilled lizards (D:1)
  5 kobolds
  6 rats
62 creatures vanquished.

Vanquished Creatures (collateral kills)
  An adder (D:2)
1 creature vanquished.

Grand Total: 63 creatures vanquished

Table legend: (Time is in decaauts)
 A = Elapsed time spent in this place.
 B = Non-inter-level travel time spent in this place.
 C = Inter-level travel time spent in this place.
 D = Time resting spent in this place.
 E = Time spent auto-exploring this place.
 F = Levels seen in this place.
 G = Mean time per level.
                   A        B        C        D        E       F      G
               +--------+--------+--------+--------+--------+-----+--------+
         Total |   6623 |   6116 |    507 |   1447 |   3073 |   6 | 1103.8 |
       Dungeon |   6494 |   5997 |    497 |   1447 |   3000 |   5 | 1298.8 |
        Temple |    128 |    118 |     10 |      0 |     73 |   1 |  128.0 |
               +--------+--------+--------+--------+--------+-----+--------+

Top non-repeatable levels by time:
     D:4: 2236 daAuts
     D:1: 1949 daAuts
     D:2: 1092 daAuts
     D:3: 943 daAuts
     D:5: 273 daAuts
  Temple: 128 daAuts

Table legend:
 A = Non-vault XP
 B = Vault XP
 C = Vault XP percentage of total XP
 D = Non-vault monster count
 E = Vault monster count
 F = Vault count percentage of total count
                 A         B        C        D         E       F
            +---------+---------+-------+---------+---------+-------
      Total |     503 |     273 |  35.2 |      56 |       5 |   8.2
            +---------+---------+-------+---------+---------+-------
        D:1 |      40 |       0 |   0.0 |      24 |       0 |   0.0
        D:2 |      83 |     271 |  76.6 |      13 |       4 |  23.5
        D:3 |      10 |       0 |   0.0 |       6 |       0 |   0.0
        D:4 |     221 |       0 |   0.0 |      11 |       0 |   0.0
        D:5 |     149 |       2 |   1.3 |       2 |       1 |  33.3
            +---------+---------+-------+---------+---------+-------
